 Dungeon Crawl Stone Soup version 0.26.1-11-gd32895ea62 (webtiles) character file.

Game seed: 1714880333237118345

3462 ubername the Frost Mage (level 10, -7/69 HPs)
             Began as a Barachi Ice Elementalist on June 21, 2021.
             Was a Believer of Vehumet.
             Mangled by Urug
             ... wielding a +5 eveningstar
              (13 damage)
             ... on level 10 of the Dungeon.
             The game lasted 00:32:43 (13346 turns).

ubername the Frost Mage (Barachi Ice Elementalist) Turns: 13346, Time: 00:32:44

Health: -7/69      AC: 12    Str:  9    XL:     10   Next: 6%
Magic:  10/21      EV: 14    Int: 19    God:    Vehumet [**....]
Gold:   234        SH:  0    Dex: 13    Spells: 17/24 levels left

rFire    . . .     SeeInvis .   b - staff of cold
rCold    + . .     Faith    .   (no shield)
rNeg     + . .     Spirit   .   n - +0 robe
rPois    +         Reflect  .   (helmet restricted)
rElec    .         Harm     .   w - +0 cloak
rCorr    .         Rampage  .   (no gloves)
Will     .....     Clarity  +   (no boots)
Stlth    ++........             v - amulet of regeneration
HPRegen  0.61/turn              i - ring of poison resistance
MPRegen  0.17/turn              p - ring of positive energy

@: icy armour, slow
A: +LOS, swims, horns 1, clarity, slowness 1, strong legs 1
a: Hop, Renounce Religion


You were on level 10 of the Dungeon.
You worshipped Vehumet.
Vehumet was pleased with you.
You visited 1 branch of the dungeon, and saw 10 of its levels.

You collected 534 gold pieces.
You spent 300 gold pieces at shops.

Inventory:

Hand Weapons
 a - a +1 dagger of venom
 l - a +0 hunting sling
 t - a cursed +5 short sword
 y - a +0 demon trident of flaming
Missiles
 c - 195 stones
 h - 5 atropa-tipped darts
 k - 84 sling bullets
 m - 5 boomerangs (quivered)
Armour
 n - a +0 robe (worn)
 w - a +0 cloak (worn)
Magical Staves
 b - an uncursed staff of cold (weapon)
Jewellery
 i - a ring of poison resistance (left hand)
 p - a ring of positive energy (right hand)
 v - an amulet of regeneration (around neck)
Wands
 o - a wand of acid (1)
 s - a wand of iceblast (13)
 x - a wand of random effects (11)
Scrolls
 f - 6 scrolls of remove curse
 g - 2 scrolls of amnesia
 j - 9 scrolls of identify
Potions
 d - 3 potions of magic
 e - a potion of brilliance
 u - 3 potions of flight
 z - a potion of degeneration {unknown}


   Skills:
 + Level 2.8 Fighting
 - Level 2.6 Short Blades
 * Level 4.9 Staves
 + Level 0.8 Throwing
 + Level 4.5 Dodging
 + Level 3.4 Stealth
 + Level 7.5 Spellcasting
 * Level 6.1 Hexes
 + Level 9.6 Ice Magic
 + Level 0.9 Evocations


You had 17 spell levels left.
You knew the following spells:

 Your Spells              Type           Power        Failure   Level
a - Freeze                Ice            100%         1%          1
b - Frozen Ramparts       Ice            100%         1%          3
c - Ozocubu's Armour      Ice            60%          1%          3

Your spell library contained the following spells:

 Spells                   Type           Power        Failure   Level
 Inner Flame              Hex/Fire       18%          9%          3
 Confusing Touch          Hex            30%          2%          3
 Metabolic Englaciation   Hex/Ice        27%          11%         5
 Hailstorm                Conj/Ice       38%          13%         4
 Summon Ice Beast         Ice/Summ       38%          13%         4
 Gell's Gravitas          Tloc           3%           28%         3
 Yara's Violent Unravell  Hex/Tmut       9%           58%         5
 Petrify                  Tmut/Erth      7%           67%         4


Dungeon Overview and Level Annotations

Branches:
Dungeon (10/15)            Temple (0/1) D:7            Lair (0/6) D:10
    Orc (0/2) D:10

Altars:
Ashenzari
Elyvilon
Fedhas
Gozag
Okawaru
Qazlal
Sif Muna
Trog
Vehumet
The Shining One

Shops:
D:8 *

Annotations:
D:10 Urug


Innate Abilities, Weirdness & Mutations

You can be seen from farther away. (+LOS)
You can swim through water.
You cover ground slowly.
You can hop short distances.
You have a pair of small horns on your head.
You possess an exceptional clarity of mind.


Message History

Casting: Ozocubu's Armour (safe; 1% risk of failure)
Confirm with . or Enter, or press ? or * to list all spells.
You feel a surge of power!
Your icy armour thickens.
Aiming: Random Effects
Press: ? - help, Shift-Dir - straight line, f/p - Urug
Aim: Urug, wielding a +5 eveningstar, wearing a +0 scale mail and quivering 2 javelins (heavily wounded)
The puff of flame hits Urug.
Urug is severely wounded.
Urug completely misses you.
Unknown command.
Aiming: Random Effects
Press: ? - help, Shift-Dir - straight line, f/p - Urug
Aim: Urug, wielding a +5 eveningstar, wearing a +0 scale mail and quivering 2 javelins (severely wounded) Urug resists with some effort.
Urug barely misses you.
Unknown command.
Aiming: Random Effects
Press: ? - help, Shift-Dir - straight line, f/p - Urug
Aim: Urug, wielding a +5 eveningstar, wearing a +0 scale mail and quivering 2 javelins (severely wounded)
The puff of frost misses Urug.
Urug hits you with a +5 eveningstar!
You die...

....# .....≈...Pg.#
.#..#####..#.#####..#
.............# #).#
.#########.### #..# .# #.#
#..# .####### #.# #..#
.......# #.# ###).#
######.###.# #.oh.# ##.##..#
#@##.# #####.#.#..## #.##.#
.....###....# #.##.#########
#####.#.#..#####.##..........
##...........##.#########
####..########.########
###..########.........
#.............########
#.#.#######.###


You could see Urug and a wolf.

Vanquished Creatures
  A wyvern (D:9)
  Grum (D:10)
  A water moccasin (D:9)
  3 ice beasts
  A sky beast (D:9)
  An orc warrior (D:10)
  2 wolves (D:10)
  3 ogres
  A wyvern zombie (D:9)
  A bullfrog (D:9)
  3 scorpions
  A wyvern skeleton (D:9)
  3 killer bees (D:8)
  7 wights
  5 electric eels
  2 howler monkeys
  A bullfrog zombie (D:5)
  A centaur zombie (D:4)
  3 hounds
  3 jellies
  A gnoll shaman (D:9)
  2 orc priests
  2 bullfrog skeletons
  4 iguanas
  10 orc wizards
  4 worker ants
  2 hound skeletons (D:4)
  2 worker ant zombies (D:4)
  3 gnolls (D:9)
  11 adders
  A shadow imp (D:5)
  2 white imps
  2 ufetubi (D:5)
  2 adder skeletons
  3 adder zombies
  4 worms
  2 dart slugs
  2 leopard geckos
  16 orcs
  2 ball pythons
  2 giant cockroaches
  5 goblins
  8 hobgoblins
  10 jackals
  2 quokkas
  2 ball python skeletons (D:4)
  9 bats
  2 frilled lizards
  4 kobolds
  2 leopard gecko skeletons
  2 leopard gecko zombies
  A quokka skeleton (D:4)
  10 rats
180 creatures vanquished.

Vanquished Creatures (others)
  An adder (D:6)
  2 fungi (D:10)
  16 plants (D:9)
19 creatures vanquished.

Grand Total: 199 creatures vanquished

Notes
Turn   | Place    | Note
-------+----------+-------------------------------------------
     0 | D:1      | ubername the Barachi Ice Elementalist began the quest for
                  | the Orb.
     0 | D:1      | Reached XP level 1. HP: 13/13 MP: 3/3
   175 | D:1      | Reached skill level 5 in Ice Magic
   249 | D:1      | Reached XP level 2. HP: 19/19 MP: 1/5
   869 | D:2      | Reached XP level 3. HP: 20/24 MP: 2/7
  1375 | D:1      | Learned a level 3 spell: Frozen Ramparts
  1379 | D:1      | Learned a level 3 spell: Ozocubu's Armour
  1650 | D:2      | Reached XP level 4. HP: 30/30 MP: 4/8
  1705 | D:2      | Found a broken altar of Ashenzari.
  2571 | D:3      | Found an opulent altar of Gozag.
  3263 | D:3      | Found a bloodstained altar of Trog.
  3263 | D:3      | Found a radiant altar of Vehumet.
  3333 | D:3      | Became a worshipper of Vehumet
  3483 | D:4      | Reached XP level 5. HP: 18/35 MP: 7/10
  4268 | D:4      | Reached skill level 1 in Short Blades
  4387 | D:4      | Reached skill level 1 in Hexes
  4387 | D:4      | Reached skill level 6 in Ice Magic
  4638 | D:4      | Reached XP level 6. HP: 21/42 MP: 5/12
  5328 | D:4      | Reached skill level 1 in Fighting
  5646 | D:4      | Gained mutation: You have a pair of small horns on your
                  | head. [potion of mutation]
  5646 | D:4      | Gained mutation: You possess an exceptional clarity of
                  | mind. [potion of mutation]
  5685 | D:5      | Entered Level 5 of the Dungeon
  5786 | D:5      | Reached XP level 7. HP: 24/48 MP: 4/13
  6231 | D:5      | Reached skill level 5 in Spellcasting
  6633 | D:5      | Reached skill level 7 in Ice Magic
  7138 | D:5      | Reached XP level 8. HP: 54/54 MP: 13/16
  7552 | D:6      | Reached * piety under Vehumet
  7552 | D:6      | Offered knowledge of Sandblast by Vehumet.
  7746 | D:6      | Found a shimmering blue altar of Sif Muna.
  8588 | D:7      | Found a staircase to the Ecumenical Temple.
  9755 | D:8      | Found Rorhoh's Elemental Accessories.
  9764 | D:8      | Bought an uncursed staff of cold for 300 gold pieces
  9765 | D:8      | Found a bloodstained altar of Trog.
  9773 | D:8      | Found a broken altar of Ashenzari.
 10183 | D:8      | Reached skill level 1 in Staves
 10183 | D:8      | Reached skill level 8 in Ice Magic
 10478 | D:8      | Reached XP level 9. HP: 61/61 MP: 11/18
 10660 | D:8      | Found an iron altar of Okawaru.
 10927 | D:9      | Offered knowledge of Shock by Vehumet.
 10950 | D:9      | Reached ** piety under Vehumet
 10951 | D:9      | Reached skill level 5 in Hexes
 11227 | D:9      | Noticed a cyan ugly thing
 11238 | D:8      | Found a stormy altar of Qazlal.
 11238 | D:8      | Found a white marble altar of Elyvilon.
 11974 | D:9      | Reached skill level 9 in Ice Magic
 12428 | D:9      | Found a glowing golden altar of the Shining One.
 12428 | D:9      | Found a blossoming altar of Fedhas.
 12654 | D:10     | Entered Level 10 of the Dungeon
 12826 | D:10     | Found a staircase to the Orcish Mines.
 12845 | D:10     | Found a staircase to the Lair.
 13318 | D:10     | Noticed Urug
 13319 | D:10     | Noticed Grum
 13340 | D:10     | Killed Grum
 13340 | D:10     | Offered knowledge of Inner Flame by Vehumet.
 13341 | D:10     | Reached XP level 10. HP: 24/69 MP: 12/21
 13346 | D:10     | Mangled by Urug

Illustrated notes

Levels and vault maps discovered:
D:1:      dpeg_chamrin_arrival_tetris, layout_basic
D:2:      layout_rooms, ashenzari_altar_1
D:3:      layout_basic, grunt_gozag_breadcrumbs, gammafunk_temple_overflow_pools
D:4:      layout_rooms, serial_undead, serial_undead_a, serial_undead_b,
          serial_undead_a, serial_undead_f
D:5:      layout_gridville
D:6:      layout_cave_pools, nicolae_overflow_crystal_walls
D:7:      layout_basic, minmay_temple_entry_mini_moons
D:8:      layout_loops_corners, nicolae_overflow_hidden_temple,
          nicolae_elemental_shop, bloody_trog
D:9:      layout_gridville, gammafunk_temple_overflow_elements, serial_bayou,
          serial_bayou_crossing, serial_bayou_lagoon_b, serial_bayou_pond_d,
          serial_bayou_shore_b, enter_bailey_4, nrook_mini_vaults,
          chequers_hall_statues_wall_a, grunt_potential
D:10:     layout_loops_ring, lair_entry_dummy, orc_david_3, fungi_pond_lemuel,
          nicolae_dithmenos_shadow_blocks, uniq_sonja, uniq_urug, uniq_grum

Skill      XL: |  1  2  3  4  5  6  7  8  9 |
---------------+----------------------------+-----
Ice Magic      | 5 6 7 8 9 |  9.6
Spellcasting   | 3 4 5 6 7 |  7.5
Stealth        | 2 3 |  3.4
Short Blades   | 1 2 |  2.6
Hexes          | 1 2 3 4 6 |  6.1
Dodging        | 3 4 |  4.5
Fighting       | 1 2 |  2.8
Staves         | 2 4 |  4.9
Throwing       | |  0.8
Evocations     | |  0.9

Action                   |  1- 3 |  4- 6 |  7- 9 | 10-12 || total
-------------------------+-------+-------+-------+-------++-------
Melee: Dagger            |     4 |   175 |   100 |       ||   279
       Headbutt          |       |     2 |    39 |       ||    41
       Staff             |       |       |   114 |     1 ||   115
Throw: Boomerang         |    14 |     6 |     4 |       ||    24
       Stone             |     5 |       |       |       ||     5
 Cast: Freeze            |    36 |     8 |    17 |       ||    61
       Frozen Ramparts   |     3 |    44 |    63 |       ||   110
       Ozocubu's Armour  |     1 |    16 |    42 |     1 ||    60
 Abil: Hop               |       |       |     1 |       ||     1
Evoke: Wand              |       |       |    11 |     4 ||    15
  Use: Potion            |       |    10 |     6 |       ||    16
       Scroll            |       |     6 |     9 |       ||    15
 Stab: Sleeping          |       |     1 |       |       ||     1
Armor: Robe              |     9 |    65 |    85 |       ||   159
Dodge: Dodged            |    32 |   166 |   199 |     2 ||   399
